 Dungeon Crawl Stone Soup version 0.29.1-1-gd02db6906a (webtiles) character file.

Game seed: 1216085878807132638

6948 safid the Marksminotaur (level 10, -4/84 HPs)
             Began as a Minotaur Hunter on Oct 18, 2022.
             Was a Priest of Okawaru.
             Slain by a killer bee (7 damage)
             ... on level 9 of the Dungeon.
             The game lasted 00:17:14 (11821 turns).

safid the Marksminotaur (Minotaur Hunter)          Turns: 11821, Time: 00:17:16

Health: -4/84      AC: 11    Str: 16    XL:     10   Next: 80%
Magic:  12/12      EV: 11    Int:  6    God:    Okawaru [***...]
Gold:   587        SH:  0    Dex: 18    Spells: 9/9 levels left

rFire   + . .      SeeInvis .   a - +0 shortbow
rCold   + . .      Faith    .   (shield currently unavailable)
rNeg    . . .      Spirit   .   D - +3 ring mail {rF+}
rPois   .          Reflect  .   (helmet restricted)
rElec   .          Harm     .   b - +0 cloak
rCorr   .          Rampage  .   h - +0 pair of gloves
Will    .....                   i - +0 pair of boots
Stlth   ..........              (no amulet)
HPRegen 0.24/turn               A - ring of protection from cold
MPRegen 0.13/turn               (no ring)

@: confused, lethally poisoned (-4 -> -23), ambrosia-drunk, attractive, flying,
hasted, studying Unarmed Combat, invisible, very quick
A: horns 2, retaliatory headbutt, mutation resistance 1
a: Renounce Religion, Heroism


You were on level 9 of the Dungeon.
You worshipped Okawaru.
Okawaru was most pleased with you.
You visited 2 branches of the dungeon, and saw 11 of its levels.
You also visited: Sewer.

You collected 587 gold pieces.

Inventory:

Hand Weapons
 a - a +0 shortbow (weapon)
Missiles
 t - 13 javelins
 B - a curare-tipped dart
 F - a throwing net
Armour
 b - a +0 cloak (worn)
 h - a +0 pair of gloves (worn)
 i - a +0 pair of boots (worn)
 D - a +3 ring mail of fire resistance (worn)
Jewellery
 A - a ring of protection from cold (left hand)
Wands
 v - a wand of mindburst (50)
 C - a wand of flame (16)
Scrolls
 c - 2 scrolls of amnesia {unknown}
 d - 5 scrolls of fog
 e - 3 scrolls of teleportation
 j - a scroll of blinking {unknown}
 l - a scroll of silence {unknown}
 m - a scroll of summoning {unknown}
 o - a scroll of torment {unknown}
 u - 2 scrolls of magic mapping
 x - a scroll of enchant weapon {unknown}
 y - 3 scrolls of enchant armour {unknown}
 z - a scroll of vulnerability {unknown}
 E - a scroll of identify
Potions
 g - 3 potions of resistance
 k - 4 potions of haste
 n - a potion of attraction
 p - 3 potions of might
 q - a potion of flight
 s - 2 potions of mutation
 w - 2 potions of lignification


   Skills:
 + Level 6.4 Fighting
 + Level 16.7 Ranged Weapons
 - Level 2.1 Dodging
 - Level 0.7 Stealth
 + Level 4.5 Invocations


You had 9 spell levels left.
You didn't know any spells.
Your spell library contained the following spells:

 Spells                   Type           Power      Damage    Failure   Level
 Magic Dart               Conj           0%         1d3       67%         1
 Slow                     Hex            0%         N/A       67%         1
 Searing Ray              Conj           0%         2d4       82%         2
 Static Discharge         Conj/Air       0%         3-3/arc   82%         2
 Confusing Touch          Hex            0%         N/A       96%         3
 Dazzling Flash           Conj/Hex       0%         N/A       96%         3
 Gell's Gravitas          Tloc           0%         N/A       96%         3
 Portal Projectile        Hex/Tloc       0%         N/A       96%         3
 Teleport Other           Tloc           0%         N/A       96%         3
 Vampiric Draining        Necr           0%         2d6       96%         3
 Dispel Undead            Necr           0%         3d6       100%        4
 Fulminant Prism          Conj/Hex       0%         3d6       100%        4
 Sticky Flame             Conj/Fire      0%         2d3       100%        4
 Agony                    Necr           0%         N/A       100%        5
 Blade Hands              Tmut           0%         N/A       100%        5
 Silence                  Hex/Air        0%         N/A       100%        5
 Dispersal                Tloc           0%         N/A       100%        6
 Tukima's Dance           Hex            Unusable   N/A       N/A         3

Dungeon Overview and Level Annotations

Branches:
Dungeon (10/15)            Temple (1/1) D:6            Lair (0/5) D:9
  Sewer (visited)
    Orc: D:9-12

Altars:
Ashenzari
Cheibriados
Dithmenos
Elyvilon
Fedhas
Gozag
Hepliaklqana
Kikubaaqudgha
Makhleb
Nemelex Xobeh
Okawaru
Qazlal
Ru
Sif Muna
Trog
Uskayaw
Vehumet
Wu Jian
Xom
Yredelemnul
Zin
The Shining One

Annotations:
D:9 3 runed translucent doors, miserystealer's ghost, novice HOFi


Innate Abilities, Weirdness & Mutations

You have a pair of horns on your head.
You reflexively headbutt those who attack you in melee.
You are somewhat resistant to further mutation.


Message History

The killer bee barely misses you. The killer bee closely misses you.
The killer bee misses you. The killer bee closely misses you.
The killer bee stings you.
* * * LOW HITPOINT WARNING * * *
You are more poisoned.
The killer bee poisons you!
You are confused.
You feel invigorated.
* * * LOW HITPOINT WARNING * * *
You feel very sick. The killer bee barely misses you.
The killer bee completely misses you. The killer bee stings you.
* * * LOW HITPOINT WARNING * * *
The killer bee closely misses you.
Unknown command.
It was a potion of flight.
You feel very buoyant.
You fly up into the air.
* * * LOW HITPOINT WARNING * * *
You feel very sick. The killer bee closely misses you.
The killer bee barely misses you. The killer bee closely misses you.
The killer bee stings you.
* * * LOW HITPOINT WARNING * * *
The killer bee closely misses you. x2; The killer bee barely misses you.
The killer bee stings you but does no damage.
It was a potion of invisibility.
You fade into invisibility!
* * * LOW HITPOINT WARNING * * *
You feel very sick. The killer bee closely misses you.
The killer bee stings you but does no damage.
The killer bee misses you. The killer bee barely misses you.
Unknown command.
It was a potion of attraction.
You feel attractive to monsters.
* * * LOW HITPOINT WARNING * * *
You feel very sick. The killer bee barely misses you.
The killer bee closely misses you. The killer bee barely misses you.
The killer bee stings you!
You die...

.P...................
...P†................
.P.........#......# .
.....###..####....##...[
#....##...###...........
.....##...#......#......
.....#..........## .....
...#........###.y#......
...##........##.@yy.....
...<.......####.yy##...#
.....###...# #...# .⌠
..#.. .....# #...#
.?..............#.#
....###........#### ....
..... ..#


You could see 5 killer bees.

Vanquished Creatures
  A two-headed ogre (D:9)
  A gargoyle (D:10)
  Sigmund (D:3)
  Eustachio (D:5)
  A yak (D:9)
  A steam dragon (D:9)
  Menkaure (D:6)
  7 water moccasins
  4 sky beasts
  2 orc warriors
  Pargi (Sewer)
  5 black bears
  An ice beast (D:8)
  An ogre (D:6)
  A centaur (D:8)
  2 bullfrogs
  3 kobold brigands
  3 necrophages (D:4)
  3 gnoll sergeants
  4 scorpions
  11 wights
  10 killer bees
  A lava snake (D:7)
  A bullfrog zombie (D:4)
  5 orc priests
  A human zombie (D:4)
  3 hounds
  2 jellies (D:5)
  7 iguanas
  Natasha (twice) (D:3)
  2 scorpion zombies (D:4)
  7 orc wizards
  A hound zombie (D:4)
  15 gnolls
  7 adders
  A river rat (D:3)
  A white imp (D:6)
  An ufetubus (D:4)
  3 adder zombies (D:4)
  5 worms
  3 dart slugs
  35 orcs
  7 ball pythons
  12 endoplasms
  5 giant cockroaches
  11 goblins
  4 hobgoblins (D:1)
  6 jackals
  18 kobolds
  6 quokkas
  9 bats
  2 frilled lizards (D:1)
  16 rats
  A spectral hobgoblin (D:3)
265 creatures vanquished.

Vanquished Creatures (others)
  24 fungi (D:9)
  28 plants (D:9)
52 creatures vanquished.

Grand Total: 317 creatures vanquished

Notes
Turn   | Place    | Note
-------+----------+-------------------------------------------
     0 | D:1      | safid the Minotaur Hunter began the quest for the Orb.
     0 | D:1      | Reached XP level 1. HP: 18/18 MP: 0/0
    76 | D:1      | Reached XP level 2. HP: 25/25 MP: 1/1
   309 | D:1      | Reached skill level 5 in Ranged Weapons
   496 | D:1      | Reached XP level 3. HP: 31/31 MP: 2/2
  1246 | D:3      | Reached XP level 4. HP: 24/38 MP: 3/3
  1254 | D:3      | Reached skill level 6 in Ranged Weapons
  1268 | D:3      | Found a glowing drain.
  1272 | Sewer    | Entered a sewer
  1363 | Sewer    | Noticed Pargi
  1378 | Sewer    | Killed Pargi
  1379 | Sewer    | Reached skill level 7 in Ranged Weapons
  1379 | Sewer    | Reached XP level 5. HP: 21/45 MP: 4/4
  1786 | D:3      | Found a broken altar of Ashenzari.
  1790 | D:3      | Found a radiant altar of Vehumet.
  1904 | D:3      | Noticed Natasha
  1910 | D:3      | Killed Natasha
  1910 | D:3      | Noticed Sigmund
  1959 | D:3      | Killed Sigmund
  1960 | D:3      | Reached skill level 8 in Ranged Weapons
  1960 | D:3      | Reached XP level 6. HP: 31/51 MP: 5/5
  2161 | D:3      | Found a faded altar of an unknown god.
  2341 | D:3      | Noticed Natasha
  2345 | D:3      | Killed Natasha
  2404 | D:4      | Reached skill level 9 in Ranged Weapons
  2580 | D:4      | Found a glowing silver altar of Zin.
  2604 | D:4      | Reached XP level 7. HP: 57/57 MP: 6/6
  3188 | D:4      | Reached skill level 10 in Ranged Weapons
  3546 | D:4      | Found a basalt altar of Yredelemnul.
  3670 | D:4      | Reached skill level 11 in Ranged Weapons
  3670 | D:4      | Reached XP level 8. HP: 62/63 MP: 7/7
  3869 | D:5      | Entered Level 5 of the Dungeon
  4543 | D:5      | Reached skill level 12 in Ranged Weapons
  4872 | D:5      | Noticed Eustachio
  4889 | D:5      | Killed Eustachio
  5099 | D:5      | Reached skill level 13 in Ranged Weapons
  6073 | D:5      | Reached XP level 9. HP: 38/69 MP: 8/8
  6332 | D:6      | Noticed Menkaure
  6335 | D:6      | Killed Menkaure
  6347 | D:6      | Found a staircase to the Ecumenical Temple.
  6362 | Temple   | Entered the Ecumenical Temple
  6399 | Temple   | Became a worshipper of Warmaster Okawaru
  6577 | D:6      | Reached skill level 14 in Ranged Weapons
  7647 | D:7      | Reached * piety under Okawaru
  7793 | D:7      | Reached skill level 15 in Ranged Weapons
  8377 | D:7      | Found a shimmering altar of Xom.
  8901 | D:7      | Found a hide-covered altar of Uskayaw.
  8945 | D:7      | Found a bloodstained altar of Trog.
  9124 | D:8      | Reached ** piety under Okawaru
  9125 | D:8      | Reached XP level 10. HP: 23/77 MP: 9/9
  9158 | D:8      | Reached skill level 16 in Ranged Weapons
  9168 | D:8      | Gained mutation: You are somewhat resistant to further
                  | mutation. [potion of mutation]
  9210 | D:8      | Reached skill level 1 in Invocations
  9263 | D:8      | You fall into a shaft and drop 2 floors!
  9263 | D:10     | Entered Level 10 of the Dungeon
  9586 | D:10     | Noticed a gargoyle
  9596 | D:10     | Killed a gargoyle
  9816 | D:8      | Found a flagged portal.
 10681 | D:8      | Reached *** piety under Okawaru
 10971 | D:9      | Reached skill level 5 in Fighting
 11477 | D:9      | Noticed a two-headed ogre
 11487 | D:9      | Killed a two-headed ogre
 11645 | D:9      | Found a runed translucent gate.
 11646 | D:9      | Found a runed translucent gate.
 11647 | D:9      | Noticed miserystealer's ghost (novice HOFi)
 11650 | D:9      | Found a runed translucent gate.
 11767 | D:9      | Found a staircase to the Lair.
 11783 | D:9      | Received a gift from Okawaru
 11819 | D:9      | HP: 3/84 [killer bee (5)]
 11821 | D:9      | Slain by a killer bee

Illustrated notes

Levels and vault maps discovered:
D:1:      roderic_chinese_lattice_arrival, layout_basic, feat_on_display
D:2:      layout_rooms
D:3:      layout_rooms, minitemple, dreamdust_ecumenical_altar_drowned_temple,
          portal_sewer_entry_e, uniq_sigmund, uniq_natasha
D:4:      minmay_door_path, layout_loops_ring,
          lemuel_mausoleum_altar_yredelemnul,
          mainiacjoe_overflow_surrounded_room
D:5:      layout_gridville, uniq_eustachio
D:6:      layout_loops_ring, minmay_temple_entry_grid, grunt_decor_cap,
          minmay_strange_pillars, chequers_serial_rivers_small_3, uniq_menkaure
D:7:      layout_rooms, nicolae_uskayaw_suspiria, mainiacjoe_overflow_big_doors,
          kennysheep_generic_room_7
D:8:      layout_gridville, enter_bailey_5
D:9:      layout_cave_pools, due_lair_maze_entry_diamond,
          gammafunk_ghost_nasty_kobolds, nicolae_specific_store
D:10:     layout_loops_corners, minmay_orc_entry_guard_dogs
Temple:   hellmonk_temple_of_storms

Skill      XL: |  1  2  3  4  5  6  7  8  9 10 |
---------------+-------------------------------+-----
Fighting       | 3 6 |  6.4
Ranged Weapons | 5 7 8 9 11 13 15 16 | 16.7
Invocations    | 4 |  4.5
Dodging        | |  2.1
Stealth        | |  0.7

Action                   |  1- 3 |  4- 6 |  7- 9 | 10-12 || total
-------------------------+-------+-------+-------+-------++-------
 Fire: Shortbow          |   101 |   137 |   632 |   268 ||  1138
  Use: Potion            |       |     1 |     2 |    13 ||    16
       Scroll            |       |       |     7 |     1 ||     8
Armor: Leather armour    |     5 |       |       |       ||     5
       Ring mail         |     4 |    24 |   110 |    89 ||   227
       Skin              |       |       |       |    30 ||    30
Dodge: Dodged            |    20 |    40 |   187 |   114 ||   361
